 Dungeon Crawl Stone Soup version 0.17.1-2-g5865329 (webtiles) character file.

644 kaze the Ducker (level 7, 0/67 HPs)
             Began as a Troll Berserker on Jan 27, 2016.
             Was an Elder of Trog.
             Slain by an ogre
             ... wielding a +0 giant spiked club
              (11 damage)
             ... on level 4 of the Dungeon.
             The game lasted 00:12:10 (2796 turns).

kaze the Ducker (Troll Berserker)                   Turns: 2796, Time: 00:12:11

Health: 0/67       AC:  7    Str: 31    XL:     7   Next: 27%
Magic:  6/6        EV: 16    Int:  3    God:    Trog [****..]
Gold:   109        SH:  0    Dex:  9    Spells: 0 memorised, 6 levels left

rFire  . . .     SeeInvis .     m - +0 war axe
rCold  + + +     Clarity  .     a - +0 animal skin
rNeg   . . .     SustAt   .     (no shield)
rPois  .         Gourm    +     (helmet restricted)
rElec  .         Spirit   .     t - +1 cloak of Wuagesalaf {-Tele rC+++ MR- Str+3}
rCorr  .         Warding  .     (gloves unavailable)
rMut   .         NoTele   +     (boots unavailable)
MR     .....                    (no amulet)
Stlth  +.........               r - ring of flight
                                e - +5 ring of evasion

@: exhausted, slowed, very slow, not resistant to hostile enchantments, very
unstealthy
A: unfitting armour, claws 3, fast metabolism 3, gourmand, regeneration 2,
shaggy fur 1, tough skin 2
a: Berserk, Trog's Hand, Brothers in Arms, Burn Spellbooks, Renounce Religion,
Evoke Flight


You were on level 4 of the Dungeon.
You worshipped Trog.
Trog was greatly pleased with you.
You were very full.

You visited 1 branch of the dungeon, and saw 4 of its levels.

You collected 109 gold pieces.

Inventory:

Hand Weapons
 m - a +0 war axe (weapon)
Armour
 a - a +0 animal skin (worn)
 t - the +1 cloak of Wuagesalaf (worn) {-Tele rC+++ MR- Str+3}
   (You found it on level 4 of the Dungeon)

   It affects your strength (+3).
   It renders you almost immune to cold.
   It affects your resistance to hostile enchantments.
   It prevents most forms of teleportation.
Jewellery
 e - a +5 ring of evasion (left claw)
 r - a ring of flight (right claw)
Scrolls
 c - 3 scrolls of remove curse
 d - 2 scrolls of amnesia {unknown}
 g - a scroll of recharging {unknown}
 h - 3 scrolls of identify {unknown}
 i - a scroll of blinking {unknown}
 j - 3 scrolls of fear {unknown}
 s - a scroll of immolation {unknown}
Potions
 k - a potion of flight {unknown}
 l - a potion of might {unknown}
 o - a potion of ambrosia {unknown}
 p - a potion of lignification {unknown}
Comestibles
 b - 2 bread rations
 f - a royal jelly
 n - 4 fruits
 q - 2 meat rations
 u - 6 chunks of flesh


   Skills:
 + Level 3.6 Fighting
 + Level 2.0 Axes
 + Level 5.7 Dodging
 + Level 0.3 Stealth
 + Level 3.5 Unarmed Combat


You had 6 spell levels left.
You didn't know any spells.

Dungeon Overview and Level Annotations

Branches:
Dungeon (4/15)
 Temple: D:4-7

Altars:
Ashenzari
Xom


Innate Abilities, Weirdness & Mutations

You are too large for most types of armour.
You have claws for hands.
Your metabolism is lightning-fast.
You like to eat raw meat.
You heal very quickly.
You are covered in fur (AC +1).
You have very tough skin (AC +2).


Message History

The gnoll completely misses you. The gnoll hits you with a club.
The gnoll hits you but does no damage. The ogre completely misses you.
The gnoll hits you from afar with a spear.
The gnoll hits you with a club.
The gnoll hits you from afar with a spear.
You feel the effects of Trog's Hand fading.
The gnoll is no longer moving quickly.
The gnoll misses you. The gnoll barely misses you.
The gnoll hits you with a club. The ogre misses you.
The gnoll is no longer moving quickly.
The gnoll hits you but does no damage.
The gnoll hits you from afar with a spear!
* * * LOW HITPOINT WARNING * * *
The gnoll closely misses you. The gnoll hits you but does no damage.
Your skin stops crawling.
You feel less resistant to hostile enchantments.
The gnoll hits you from afar with a spear!
* * * LOW HITPOINT WARNING * * *
The ogre hits you with a giant spiked club!
You die...

####≈≈≈≈≈≈≈≈≈≈≈≈....≈≈≈≈≈≈≈≈≈
≈≈≈≈≈≈≈≈≈≈≈≈≈≈≈≈....≈≈≈≈≈≈≈≈≈
≈≈≈≈≈≈≈≈≈≈≈≈≈≈≈≈....≈≈≈≈≈≈≈≈
...........................
...........##............#
.......)÷..###..g..###...#
.........)...>.g...###...###
.......÷.#####.gO.....÷..(.#
###..#....# #..@..........#
..##...............#.......#
#.............#..####....###
.#####........#..# #....#
..######.##....... ..####
....## #.............##
.#.... ##........### ...###
>.........# .#...###...#.


You could see an ogre and 3 gnolls.

Vanquished Creatures
  Sigmund (D:4)
  3 gnoll shamans (D:4)
  An orc priest (D:4)
  Terence (D:2)
  2 orc wizards
  2 worker ants (D:4)
  4 gnolls (D:4)
  9 adders
  An ooze (D:3)
  An adder skeleton (D:4)
  2 giant geckos
  15 orcs
  12 bats
  3 giant cockroaches
  5 hobgoblins
  20 jackals
  2 quokkas
  9 ball pythons
  4 giant newts
  5 goblins
  A jackal skeleton (D:4)
  6 kobolds
  4 rats
113 creatures vanquished.

Notes
Turn   | Place    | Note
--------------------------------------------------------------
     0 | D:1      | kaze the Troll Berserker began the quest for the Orb.
     0 | D:1      | Reached XP level 1. HP: 22/22 MP: 0/0
   155 | D:1      | Reached XP level 2. HP: 25/29 MP: 1/1
   715 | D:2      | Reached ** piety under Trog
   753 | D:2      | Reached XP level 3. HP: 36/36 MP: 2/2
   963 | D:2      | Reached XP level 4. HP: 39/44 MP: 3/3
  1331 | D:2      | Noticed Terence
  1339 | D:2      | Killed Terence
  1442 | D:3      | Found a shimmering altar of Xom.
  1476 | D:3      | Reached skill level 4 in Dodging
  1557 | D:3      | Reached *** piety under Trog
  1696 | D:3      | Reached XP level 5. HP: 52/52 MP: 4/4
  2260 | D:4      | Noticed Sigmund
  2269 | D:4      | Killed Sigmund
  2269 | D:4      | Reached skill level 1 in Axes
  2269 | D:4      | Reached skill level 5 in Dodging
  2269 | D:4      | Reached XP level 6. HP: 61/61 MP: 5/5
  2295 | D:4      | Found a shattered altar of Ashenzari.
  2444 | D:4      | Reached **** piety under Trog
  2598 | D:4      | Got a crude cloak
  2604 | D:4      | Identified the +1 cloak of Wuagesalaf {-Tele rC+++ MR- Str+3} (You found it on level 4 of the Dungeon)
  2632 | D:4      | Reached XP level 7. HP: 67/67 MP: 6/6
  2778 | D:4      | Noticed an ogre
  2796 | D:4      | Slain by an ogre

Action                   |  1- 3 |  4- 6 |  7- 9 || total
-------------------------+-------+-------+-------++-------
Melee: Unarmed           |    98 |    12 |       ||   110
       War axe           |       |   137 |    32 ||   169
Invok: Berserk           |       |     4 |     1 ||     5
       Trog's Hand       |       |     2 |     1 ||     3
  Use: Scroll            |       |     1 |       ||     1
  Eat: Chunk             |    14 |    13 |     9 ||    36
